 Dungeon Crawl Stone Soup version 0.31-a0-986-g5e6e4ef867 (webtiles) character file.

Game seed: 15147866482831899329

41 Xavori the Trooper (level 3, 14/27 HPs)
             Began as a Djinni Chaos Knight on Nov 8, 2023.
             Was a Plaything of Xom.
             Quit the game on level 2 of the Abyss.
             The game lasted 00:01:21 (8041 turns).

Xavori the Trooper (Djinni Chaos Knight)            Turns: 8041, Time: 00:01:21

Health: 14/27      AC:  5    Str: 11      XL:     3   Next: 75%
Gold:   44         EV: 12    Int: 13      God:    Xom [......] SH:  0 Dex: 13 (14)

rFire   + + .        a - +0 falchion (chaos)
rCold   x . .        (no shield)
rNeg    + . .        b - +2 leather armour
rPois   ∞            (no helmet)
rElec   .            (no cloak)
rCorr   .            (no gloves)
SInv    .            (boots unavailable)
Will    .....        (no amulet)
Stlth   +            g - ring of positive energy
HPRegen 0.24/turn    (no ring)
MPRegen 0.00/turn

%: no passive effects
@: flying
A: sickness immunity, fire resistance 2, cold vulnerability 1, float, innate
caster, HP casting, extra vitality 1, frail 1, subdued magic 1
a: Renounce Religion


You were on level 2 of the Abyss.
You worshipped Xom.
You were a very special plaything of Xom.
You visited 1 branch of the dungeon, and saw 2 of its levels.
You visited the Abyss 1 time.

You collected 44 gold pieces.

Inventory:

Hand Weapons
 a - a +0 falchion of chaos (weapon)
Missiles
 i - a throwing net
Armour
 b - a +2 leather armour (worn)
Jewellery
 g - a ring of positive energy (left hand)
Scrolls
 c - a scroll of butterflies
 f - a scroll of vulnerability {unknown}
 h - a scroll of blinking {unknown}
 k - a scroll of identify {unknown}
Potions
 d - 2 potions of might {unknown}
 e - a potion of mutation {unknown}
 j - a potion of enlightenment {unknown}


   Skills:
 + Level 3.2 Fighting
 + Level 3.0 Long Blades
 + Level 1.5 Armour
 + Level 2.6 Dodging
 * Level 1.0 Spellcasting
 * Level 1.0 Conjurations
 * Level 1.0 Hexes
   Level 0.0 Charms
 * Level 1.0 Summonings
 * Level 1.0 Necromancy
 * Level 1.0 Translocations
 * Level 1.0 Transmutations
 * Level 1.0 Fire Magic
 * Level 1.0 Ice Magic
 * Level 1.0 Air Magic
 * Level 1.0 Earth Magic
 * Level 1.0 Poison Magic


You knew the following spells:

 Your Spells              Type           Power      Damage    Failure   Level
a - Magic Dart            Conj           8%         1d3       21%         1
Your spell library was empty.

Dungeon Overview and Level Annotations

Branches:
Dungeon (2/15)

Altars:

Annotations:
D:2 Crazy Yiuf


Innate Abilities, Weirdness & Mutations

You are immune to sickness and miasma.
You are immune to poison.
Your flesh is very heat resistant. (rF++)
You are vulnerable to cold. (rC-)
You float through the air rather than walking.
You learn spells naturally, not from books.
Your magical power is your life essence.
You have superior vitality. (+4 MHP)
You are frail. (-10% HP)
Your spells are a little easier to cast, but a little less powerful.


Message History

No reachable target in view!
Crazy Yiuf says, "Cards!"
You see here a +0 hammer.
Found three hammers.
You see here a +0 hammer.
No reachable target in view!
You see here a +0 hammer.
You see here a +0 hammer.
You see here a +0 hammer.
You see here a +0 hammer.
Key pressed, stopping explore.
No target in view!
No target in view!
No target in view!
You see here a +0 hammer.
You see here a +0 hammer.
You see here a +0 hammer.
You see here a +0 hammer.
You see here a +0 hammer.
As you open the door, it creaks loudly!
Crazy Yiuf shuffles his notes under his cloak.
You closely miss Crazy Yiuf. Crazy Yiuf barely misses you.
You hit Crazy Yiuf. You burn Crazy Yiuf.
Crazy Yiuf is moderately wounded.
You hear Xom's avuncular chuckle.
Your body is suffused with distortional energy.
Crazy Yiuf hits you with a +2 quarterstaff of chaos!
Ouch! That really hurt!
You are cast into the Abyss!
To return, you must find a gate leading back.
Killing monsters will force the Abyss to allow you passage.
This branch contains the abyssal rune of Zot.
Xom thinks this is hilarious!
There is an open translucent door here.
Are you sure you want to abandon this character and quit the game? (Confirm with "yes".)
Okay, then.
Unknown command.
Unknown command.
Unknown command.
Are you sure you want to abandon this character and quit the game? (Confirm with "yes".)

.. ..
♣. .♣
♣.
♣.♣♣
♣.♣
##'##
#.@.#
#...#
#...#
.####
♣♣


There were no monsters in sight!

Vanquished Creatures
  A gnoll (D:1)
  3 dart slugs
  2 bats (D:1)
  3 endoplasms (D:1)
  A giant cockroach (D:1)
  A goblin (D:2)
  5 hobgoblins (D:1)
  A ball python (D:1)
  2 frilled lizards
  3 kobolds (D:1)
  2 rats (D:1)
24 creatures vanquished.

Notes
Turn   | Place    | Note
-------+----------+-------------------------------------------
     0 | D:1      | Xavori the Djinni Chaos Knight began the quest for the Orb.
     0 | D:1      | Reached XP level 1. HP: 20/20 MP: 0/0
    12 | D:1      | You are sucked into a shaft and drop 1 floor!
    60 | D:1      | Reached XP level 2. HP: 15/25 MP: 0/0
   301 | D:1      | Reached XP level 3. HP: 30/30 MP: 0/0
   301 | D:1      | Learned a level 1 spell: Magic Dart
   513 | D:1      | XOM: 4-stop teleportation journey
   640 | D:1      | Reached skill level 1 in Spellcasting
   640 | D:1      | Reached skill level 1 in Conjurations
   640 | D:1      | Reached skill level 1 in Hexes
   640 | D:1      | Reached skill level 1 in Summonings
   640 | D:1      | Reached skill level 1 in Necromancy
   640 | D:1      | Reached skill level 1 in Translocations
   640 | D:1      | Reached skill level 1 in Transmutations
   640 | D:1      | Reached skill level 1 in Fire Magic
   640 | D:1      | Reached skill level 1 in Ice Magic
   640 | D:1      | Reached skill level 1 in Air Magic
   640 | D:1      | Reached skill level 1 in Earth Magic
   640 | D:1      | Reached skill level 1 in Poison Magic
   773 | D:1      | XOM: silly message
  1135 | D:1      | XOM: give mutations
  1135 | D:1      | Gained mutation: You are clumsy. (Dex -2) [Xom's mischief]
  1135 | D:1      | Gained mutation: You are frail. (-10% HP) [Xom's mischief]
  1135 | D:1      | Lost mutation: You are clumsy. (Dex -2) [Xom's mischief]
  1296 | D:1      | XOM: silly message
  1630 | D:1      | XOM: silly message
  1656 | D:1      | XOM: silly message
  2107 | D:1      | XOM: silly message
  2683 | D:1      | XOM: cloud trail
  2769 | D:1      | XOM: divination: magic mapping
  3439 | D:1      | XOM: summons 2 hostile demons
  3790 | D:1      | XOM: god gift: scroll labelled ENIFEPN FADOUW {god gift}
  4015 | D:1      | XOM: divination: magic mapping
  4431 | D:1      | XOM: silly message
  4625 | D:1      | XOM: silly message
  4740 | D:1      | XOM: cloud trail
  4762 | D:1      | XOM: silly message
  5130 | D:1      | XOM: god gift: 44 gold pieces
  5258 | D:1      | XOM: divination: magic mapping
  5653 | D:1      | XOM: god gift: spear {god gift}
  5710 | D:1      | XOM: divination: detect items
  6328 | D:1      | Identified the "Biulan" (Xom gifted it to you on level 1
                  | of the Dungeon)
  6328 | D:1      | XOM: god gift: Xom's Grimoire of Disappointment
  6474 | D:1      | XOM: silly message
  6534 | D:1      | XOM: summons 2 hostile demons
  7759 | D:1      | XOM: give mutations
  7759 | D:1      | Gained mutation: Your spells are a little easier to cast,
                  | but a little less powerful. [Xom's mischief]
  7998 | D:2      | Found a runed translucent door.
  7999 | D:2      | Noticed Crazy Yiuf
  8038 | D:2      | XOM: give mutation
  8038 | Abyss:2  | Cast into level 2 of the Abyss (Crazy Yiuf)
  8041 | Abyss:2  | Quit the game

Illustrated notes

Levels and vault maps discovered:
D:1:      dpeg_arrival_shelter, layout_basic, corexii_leaking_fountain
D:2:      layout_rooms, uniq_crazy_yiuf_cottage
Abyss:2:  base: D:2, hangedman_abyss_or_decor_stabs

Skill      XL: |  1  2  3 |
---------------+----------+-----
Long Blades    | 3 |  3.0
Spellcasting   | 1 |  1.0
Conjurations   | 1 |  1.0
Hexes          | 1 |  1.0
Summonings     | 1 |  1.0
Necromancy     | 1 |  1.0
Translocations | 1 |  1.0
Transmutations | 1 |  1.0
Fire Magic     | 1 |  1.0
Ice Magic      | 1 |  1.0
Air Magic      | 1 |  1.0
Earth Magic    | 1 |  1.0
Poison Magic   | 1 |  1.0
Fighting       | |  3.2
Armour         | |  1.5
Dodging        | |  2.6

Action                     || total
---------------------------++-------
  Melee: Falchion          ||    61
         Punch             ||     1
    Use: Scroll            ||     1
 Armour: Leather armour    ||    43
  Dodge: Dodged            ||    54

Table legend: (Time is in decaauts)
 A = Elapsed time spent in this place.
 B = Non-inter-level travel time spent in this place.
 C = Inter-level travel time spent in this place.
 D = Time resting spent in this place.
 E = Time spent auto-exploring this place.
 F = Levels seen in this place.
 G = Mean time per level.
                   A        B        C        D        E       F      G
               +--------+--------+--------+--------+--------+-----+--------+
         Total |   8054 |   8032 |     22 |   7441 |    381 |   3 | 2684.7 |
       Dungeon |   8051 |   8029 |     22 |   7441 |    381 |   2 | 4025.5 |
         Abyss |      2 |      2 |      0 |      0 |      0 |   1 |    2.0 |
               +--------+--------+--------+--------+--------+-----+--------+

Top non-repeatable levels by time:
     D:1: 7529 daAuts
     D:2: 521 daAuts
 Abyss:2: 2 daAuts
